Map: Catalyst LE

Players

Harstem

  • Race: Protoss Protoss
  • Spawn Location: 5:00

HeRoMaRinE - Winner!

  • Race: Terran Terran
  • Spawn Location: 11:00

Event: WCS Leipzig 2018

VOD

Have the link to the VOD?

Description

Time

  • Played on: Jan. 26, 2018, 10:41 a.m.
  • Length: 9:19

All games in this series

Show
View Real Time Build Order
Export as new Build Order

Harstem Protoss 

Build Orders: 1 Gate Expand, Dark Templar Rush 

Get SALT Encoding   

  12  0:00  Probe  
  13  0:12  Probe  
  14  0:17  Pylon  
  14  0:24  Probe (Chrono Boost)  
  15  0:37  Probe (Chrono Boost), Gateway  
  16  0:44  Probe (Chrono Boost)  
  16  0:47  Assimilator  
  17  0:51  Probe  
  18  1:03  Probe  
  19  1:15  Probe  
  20  1:23  Nexus  
  20  1:34  Cybernetics Core  
  20  1:37  Probe  
  21  1:42  Assimilator  
  21  1:49  Probe  
  21  1:53  Pylon  
  22  2:02  Probe  
  23  2:08  Stalker (Chrono Boost)  
  23  2:11  Warp Gate  
  23  2:14  Probe  
  26  2:21  Twilight Council  
  26  2:26  Probe  
  26  2:29  Stalker (Chrono Boost)  
  27  2:35  Probe  
  30  2:39  Probe  
  31  2:47  Probe  
  32  2:51  Probe  
  33  2:59  Probe  
  33  3:01  Dark Shrine  
  34  3:06  Probe  
  34  3:11  Probe  
  36  3:13  Gateway  
  36  3:18  Gateway  
  36  3:19  Probe  
  37  3:23  Probe  
  38  3:32  Probe  
  38  3:34  Pylon  
  39  3:35  Probe (Chrono Boost)  
  40  3:44  Probe (Chrono Boost), Shield Battery  
  40  3:48  Probe (Chrono Boost), Pylon  
  42  3:55  Probe (Chrono Boost)  
  44  3:56  Probe (Chrono Boost)  
  44  3:59  Probe (Chrono Boost)  
  44  4:02  Probe  
  46  4:10  Probe  
  46  4:13  Assimilator  
  46  4:15  Blink (Chrono Boost)  
  46  4:16  Dark Templar  
  46  4:17  Dark Templar  
  51  4:18  Probe  
  51  4:20  Stalker  
  54  4:27  Probe  
  54  4:30  Probe, Pylon  
  51  4:38  Pylon  
  51  4:39  Probe  
  51  4:45  Stalker  
  52  4:49  Stalker  
  52  4:51  Probe (Chrono Boost)  
  53  4:52  Probe (Chrono Boost)  
  47  5:03  Probe (Chrono Boost)  
  48  5:07  Probe (Chrono Boost)  
  48  5:09  Probe (Chrono Boost)  
  48  5:14  Probe, Stalker  
  51  5:15  Nexus  
  51  5:19  Stalker  
  51  5:20  Probe  
  55  5:26  Forge  
  55  5:27  Probe  
  56  5:30  Stalker  
  56  5:32  Probe  
  59  5:36  Pylon  
  59  5:39  Probe  
  59  5:46  Stalker x2  
  60  5:55  Probe  
  61  5:59  Stalker  
  54  6:20  Probe (Chrono Boost)  
  53  6:25  Probe (Chrono Boost)  
  53  6:31  Probe (Chrono Boost)  
  55  6:33  Probe (Chrono Boost)  
  55  6:36  Probe (Chrono Boost)  
  55  6:37  Probe (Chrono Boost)  
  57  6:44  Probe (Chrono Boost)  
  59  6:47  Stalker  
  59  6:50  Stalker  
  59  6:53  Probe (Chrono Boost)  
  63  6:54  Probe (Chrono Boost)  
  63  6:56  Probe (Chrono Boost)  
  63  6:58  Probe (Chrono Boost)  
  63  6:59  Protoss Ground Armor Level 1 (Chrono Boost)  
  66  7:02  Probe  
  66  7:03  Charge (Chrono Boost)  
  66  7:08  Probe  
  68  7:10  Probe  
  68  7:15  Probe  
  70  7:17  Pylon  
  70  7:20  Probe  
  70  7:22  Probe  
  72  7:27  Probe  
  73  7:30  Gateway x2  
  73  7:34  Probe, Gateway  
  75  7:41  Gateway, Sentry  
  75  7:42  Sentry  
  75  7:43  Probe, Gateway  
  79  7:47  Zealot  
  79  7:50  Shield Battery, Probe  
  82  7:55  Probe  
  81  7:58  Pylon  
  81  8:02  Gateway  
  81  8:06  Gateway  
  81  8:09  Dark Templar  
  81  8:14  Dark Templar  
  81  8:15  Probe  
  81  8:17  Zealot  
  84  8:29  Dark Templar  
  82  8:35  Zealot x2  
  82  8:41  Dark Templar  
  86  8:44  Zealot  
  86  8:47  Probe  
  69  8:53  Dark Templar  
  71  8:58  Zealot x4  
  60  9:12  Zealot, Dark Templar  
  60  9:15  Zealot  
Show
View Real Time Build Order
Export as new Build Order

HeRoMaRinE Terran - Winner!

Build Orders: Gas First Reaper Expand, Reaper Expand, MMM Bio 

Get SALT Encoding   

  12  0:00  SCV  
  13  0:12  SCV  
  14  0:17  Supply Depot  
  14  0:24  SCV  
  14  0:27  Refinery  
  15  0:38  SCV  
  16  0:44  Barracks  
  16  0:50  SCV  
  17  1:02  SCV  
  18  1:15  SCV  
  19  1:31  Orbital Command, Reaper  
  20  1:43  Command Center  
  20  1:57  Factory  
  20  1:58  SCV  
  21  2:04  Barracks Reactor  
  21  2:10  SCV  
  21  2:14  Supply Depot  
  22  2:17  Refinery  
  22  2:22  SCV  
  23  2:36  SCV  
  24  2:41  Marine x2  
  24  2:43  Starport  
  26  2:48  SCV, Widow Mine  
  29  2:55  Orbital Command  
  29  3:00  SCV  
  29  3:03  Marine  
  29  3:04  Marine  
  32  3:10  Widow Mine  
  32  3:12  SCV  
  35  3:19  Medivac  
  37  3:21  Marine x2  
  37  3:23  SCV  
  37  3:24  SCV  
  41  3:32  Supply Depot  
  41  3:34  Widow Mine  
  43  3:36  SCV x2  
  43  3:41  Marine  
  46  3:53  Medivac, Marine  
  46  3:54  SCV  
  46  3:55  SCV, Widow Mine, Supply Depot  
  53  4:01  Supply Depot, Marine  
  54  4:10  Engineering Bay  
  54  4:16  Marine  
  54  4:17  SCV x2  
  57  4:18  Liberator, Marine  
  58  4:29  SCV x2  
  58  4:34  Marine  
  58  4:36  Marine  
  58  4:37  Missile Turret  
  63  4:41  SCV x2  
  65  4:52  Marine  
  66  4:53  SCV x2  
  66  4:54  Marine  
  68  5:05  SCV x2  
  64  5:08  Factory Tech Lab  
  64  5:10  Barracks  
  62  5:15  Barracks  
  62  5:17  SCV x2, Bunker  
  62  5:21  Barracks Tech Lab, Missile Turret  
  64  5:24  Starport Reactor  
  64  5:26  Terran Infantry Weapons Level 1  
  64  5:28  Siege Tank  
  64  5:32  SCV x2  
  64  5:33  Supply Depot  
  68  5:38  Refinery x2  
  68  5:47  SCV x2  
  70  5:54  Marine, Stimpack  
  70  5:55  Supply Depot  
  69  6:00  Supply Depot  
  69  6:04  Barracks  
  69  6:06  Barracks  
  69  6:09  Siege Tank, Starport Reactor  
  72  6:14  SCV x2  
  71  6:18  Marine  
  71  6:19  Marine x3  
  71  6:21  Marine  
  68  6:36  Marine x2  
  68  6:37  Marine x2  
  68  6:39  Marine  
  73  6:40  Supply Depot  
  73  6:41  Siege Tank  
  73  6:45  Medivac x2  
  80  6:54  Barracks Tech Lab, Marine x3, Barracks Reactor  
  80  6:55  Marine  
  80  6:58  Marauder  
  80  7:01  Supply Depot  
  86  7:05  Supply Depot  
  84  7:12  Combat Shields, Marine x2  
  84  7:14  Marauder, Marine  
  90  7:17  Siege Tank  
  90  7:19  Marauder  
  95  7:23  Terran Infantry Armor Level 1  
  95  7:27  Supply Depot, Marine  
  95  7:30  Marine x3  
  95  7:31  Marine  
  95  7:33  Marine  
  95  7:35  Marauder  
  102  7:37  Supply Depot  
  102  7:38  Medivac  
  102  7:40  Marauder  
  106  7:44  Medivac  
  106  7:47  Missile Turret  
  108  7:51  Marine  
  108  7:52  Marine x2  
  108  7:54  Concussive Shells, Marine  
  108  7:56  Marauder  
  108  7:57  Marine x2  
  116  8:01  Siege Tank  
  116  8:02  Marauder  
  121  8:09  Marine  
  121  8:12  Marine x3  
  120  8:14  Marine  
  120  8:18  Marauder  
  120  8:19  Supply Depot, Marine  
  125  8:23  Marauder  
  126  8:27  Marine  
  126  8:30  Marine x2  
  125  8:37  Marine x2  
  125  8:38  Marine  
  121  8:51  Marauder x2  
  121  8:53  Marine  
  121  8:54  Marine x2  
  121  8:55  Marine  
  129  8:57  Marine x2  
  129  9:04  Missile Turret  
Tags
 
Add a new tag
Caveats
  • Supply blocks, unpowered buildings, or Contaminate may cause inaccurate times.
  • Supply counts are checked every 10 seconds.